 Dungeon Crawl Stone Soup version 0.23.2-1-ga50397a (webtiles) character file.

Game seed: 10951292387529292545

377 MalarOregon the Conjurer (level 6, -2/46 (48) HPs)
             Began as a Ghoul Conjurer on May 26, 2019.
             Slain by Edmund
             ... wielding a +1 flail of holy wrath
              (6 damage)
             ... on level 4 of the Dungeon.
             The game lasted 00:13:25 (5635 turns).

MalarOregon the Conjurer (Ghoul Conjurer)           Turns: 5635, Time: 00:13:26

HP:   -2/46 (48)    AC:  2    Str: 12    XL:     6   Next: 73%
MP:   6/9           EV: 12    Int: 12    God:
Gold: 178           SH:  0    Dex:  9    Spells: 1/11 levels left

rFire    . . .     SeeInvis .     - Unarmed
rCold    + . .     Gourm    .   (no shield)
rNeg     + + +     Faith    .   a - +0 robe
rPois    ∞         Spirit   .   (no helmet)
rElec    .         Reflect  .   (no cloak)
rCorr    .         Harm     .   (no gloves)
MR       .....     Rnd*Tele +   (no boots)
Stlth    ++........             (no amulet)
HPRegen  0.00/turn              b - ring of teleportation (curse)
MPRegen  0.11/turn              (no ring)

@: about to teleport, rotting
A: rotting body, claws 1, carnivore, cold resistance 1, negative energy
resistance 3, inhibited regeneration, torment resistance, unbreathing
a: no special abilities


You were on level 4 of the Dungeon.
You were hungry.

You visited 1 branch of the dungeon, and saw 5 of its levels.

You collected 178 gold pieces.

Inventory:

Hand Weapons
 g - a +2 dagger of flaming
   (You found it on level 1 of the Dungeon)
 l - the +7 short sword of Conflict {pierce, rN+ Str+4 Dex-2, unknown}
   (You found it on level 4 of the Dungeon)

   It inflicts extra damage upon your enemies.
   It affects your strength (+4).
   It affects your dexterity (-2).
   It protects you from negative energy.
Missiles
 p - 2 throwing nets (quivered) {!f}
Armour
 a - a +0 robe (worn)
 r - a scarf of resistance
   (You found it on level 4 of the Dungeon)
Jewellery
 b - a cursed ring of teleportation (left claw)
   (You found it on level 1 of the Dungeon)
Wands
 u - a wand of paralysis (4)
   (You found it on level 2 of the Dungeon)
Scrolls
 k - a scroll of identify {@r1}
 n - 2 scrolls of remove curse {unknown}
 q - a scroll of fog {unknown}
Potions
 d - a potion of brilliance
 h - 2 potions of curing {@q1}
 i - a potion of agility
 j - a potion of heal wounds {unknown}
 m - a potion of haste {unknown}
 o - a potion of invisibility
Comestibles
 e - 5 rations {!d}


   Skills:
 + Level 2.0 Fighting
 + Level 2.6 Dodging
 + Level 3.4 Stealth
 + Level 2.1 Unarmed Combat
 * Level 3.3 Spellcasting
 * Level 4.3 Conjurations


You had one spell level left.
You knew the following spells:

 Your Spells              Type           Power        Failure   Level  Hunger
a - Magic Dart            Conj           ##..         4%          1    #......
b - Dazzling Spray        Conj/Hex       #.....       28%         3    ###....
s - Searing Ray           Conj           ##....       6%          2    ###....
x - Iskenderun's Mystic   Conj           ##......     36%         4    #####..

Your spell library contained the following spells:

 Spells                   Type           Power        Failure   Level  Hunger
 Confusing Touch          Hex            #.....       24%         1    #......
 Confuse                  Hex            #.......     58%         3    ###....
 Gell's Gravitas          Tloc           #.........   58%         3    ###....
 Force Lance              Conj/Tloc      #.......     67%         4    #####..
 Fulminant Prism          Conj/Hex       #.........   67%         4    #####..
 Petrify                  Tmut/Erth      #.......     94%         4    #####..
 Metabolic Englaciation   Hex/Ice        #.........   100%        5    ######.
 Yara's Violent Unravell  Hex/Tmut       #.........   100%        5    ######.


Dungeon Overview and Level Annotations

Branches:
Dungeon (5/15)
 Temple: D:4-7

Altars:
Ashenzari
Cheibriados
Elyvilon
Fedhas
Hepliaklqana
Uskayaw
Wu Jian
Xom

Annotations:
D:4 Edmund


Innate Abilities, Weirdness & Mutations

Your body is rotting away.
You thrive on raw meat.
You are immune to poison.
You have sharp fingernails.
You are carnivorous and can eat meat at any time.
Your flesh is cold resistant. (rC+)
You are immune to negative energy. (rN+++)
You do not regenerate when monsters are visible.
You are immune to unholy pain and torment.
You can survive without breathing.


Message History

The helpless Edmund fails to defend himself.
You claw Edmund!
The helpless Edmund fails to defend himself.
You scratch Edmund but do no damage.
The helpless Edmund fails to defend himself.
You scratch Edmund.
The helpless Edmund fails to defend himself.
You scratch Edmund but do no damage.
The helpless Edmund fails to defend himself.
You scratch Edmund.
Edmund is no longer paralysed.
Edmund barely misses you.
You barely miss Edmund. You closely miss Edmund.
Edmund grinds his teeth, and then sighs.
Edmund barely misses you.
You barely miss Edmund.
Edmund hits you with a +1 flail of holy wrath!
You convulse!
* * * LOW HITPOINT WARNING * * *
Aim: Edmund, wielding a +1 flail of holy wrath and wearing a +0 scale mail (heavily wounded)
You miscast Dazzling Spray.
You are very lightly contaminated with residual magic.
You smell something strange.
You are feeling hungry.
Edmund hits you with a +1 flail of holy wrath.
* * * LOW HITPOINT WARNING * * *
You convulse!
* * * LOW HITPOINT WARNING * * *
Aim: Edmund, wielding a +1 flail of holy wrath and wearing a +0 scale mail (heavily wounded)
The spray of energy hits Edmund but does no damage.
Edmund is dazzled.
Edmund hits you but does no damage.
You scratch Edmund. You scratch Edmund.
You catch the helpless Edmund completely off-guard!
You scratch Edmund but do no damage.
Edmund gestures with his flail.
Edmund closely misses you.
You strike the helpless Edmund from behind!
You scratch Edmund but do no damage.
Edmund is no longer blind.
Edmund hits you with a +1 flail of holy wrath.
* * * LOW HITPOINT WARNING * * *
You convulse.
* * * LOW HITPOINT WARNING * * *
Things that are here:
a +0 leather armour; a +0 dagger Your magical contamination has completely faded away.
As you read the scroll of teleportation {@r4}, it crumbles to dust.
You feel strangely unstable.
Edmund hits you with a +1 flail of holy wrath.
You die...

### #........# #.#
#........# #.#
#....[...# #.#
#........####.#####
########.#........#
######## #........#.#
.......#
#######.#..#.#.#
.......#
#......@...#.#.#
.......#
#......@...#.#.#
.......#
#......)...#.#.#
.......#
#..........#.#.#
.......#
#..........#.#.#
.......#
#..........#.#.#
.......#
#..........#.#.########
.......#
#######....#.#........#
.......#
############.########.#
######## #............#
#.#


You could see Edmund.

Vanquished Creatures
  A water moccasin skeleton (D:4)
  2 hounds (D:4)
  2 worker ants (D:4)
  3 gnolls (D:4)
  8 adders
  2 oozes (D:1)
  An adder skeleton (D:4)
  3 worms
  3 dart slugs
  5 leopard geckos
  4 orcs
  5 giant cockroaches
  5 goblins
  4 hobgoblins
  11 jackals
  4 quokkas
  3 ball pythons
  8 bats
  6 frilled lizards
  10 kobolds
  7 rats
97 creatures vanquished.

Notes
Turn   | Place    | Note
-------+----------+-------------------------------------------
     0 | D:1      | MalarOregon the Ghoul Conjurer began the quest for the Orb.
     0 | D:1      | Reached XP level 1. HP: 14/14 MP: 2/2
   327 | D:1      | Reached XP level 2. HP: 11/22 MP: 0/4
   431 | D:1      | Learned a level 2 spell: Searing Ray
   848 | D:1      | Reached XP level 3. HP: 24/27 MP: 0/5
  1008 | D:1      | Learned a level 3 spell: Dazzling Spray
  1922 | D:1      | Reached skill level 1 in Unarmed Combat
  2104 | D:2      | Reached XP level 4. HP: 30/34 MP: 1/6
  2192 | D:1      | Reached skill level 1 in Fighting
  2423 | D:2      | Found an ornate altar of the Wu Jian Council.
  2423 | D:2      | Found a blossoming altar of Fedhas.
  2646 | D:2      | HP: 1/34 [quokka (5)]
  2909 | D:2      | Found a faded altar of an unknown god.
  3203 | D:3      | Reached XP level 5. HP: 21/39 MP: 0/8
  3308 | D:3      | Found a hide-covered altar of Uskayaw.
  3430 | D:3      | Found a white marble altar of Elyvilon.
  3997 | D:4      | Found a snail-covered altar of Cheibriados.
  4028 | D:4      | Reached skill level 4 in Conjurations
  4067 | D:4      | Found a shimmering altar of Xom.
  4068 | D:4      | Found a hazy altar of Hepliaklqana.
  4068 | D:4      | Noticed a death ooze
  4069 | D:4      | Noticed a spectral ugly thing
  4069 | D:4      | Noticed a death ooze
  4373 | D:4      | Got a pitted short sword
  4413 | D:4      | Reached XP level 6. HP: 26/48 MP: 0/9
  4419 | D:4      | Learned a level 4 spell: Iskenderun's Mystic Blast
  4553 | D:4      | Found a shattered altar of Ashenzari.
  5170 | D:5      | Entered Level 5 of the Dungeon
  5184 | D:5      | Noticed Edmund
  5248 | D:4      | HP: 2/47 [Edmund/+1 flail of holy wrath (3)]
  5635 | D:4      | Slain by Edmund

Skill      XL: |  1  2  3  4  5  6 |
---------------+-------------------+-----
Spellcasting   | 2 3 |  3.3
Dodging        | 2 |  2.6
Unarmed Combat | 1 2 |  2.1
Fighting       | 1 2 |  2.0
Conjurations   | 4 |  4.3
Stealth        | 3 |  3.4

Action                   |  1- 3 |  4- 6 || total
-------------------------+-------+-------++-------
Melee: Unarmed           |   116 |   209 ||   325
       Punch             |       |     1 ||     1
 Cast: Magic Dart        |    29 |    39 ||    68
       Searing Ray       |     4 |    15 ||    19
       Iskenderun's Myst |       |     1 ||     1
       Dazzling Spray    |       |     1 ||     1
Evoke: Wand              |       |     5 ||     5
  Use: Scroll            |       |    10 ||    10
 Stab: Sleeping          |     2 |     2 ||     4
       Paralysed         |       |    11 ||    11
       Invisible         |       |     2 ||     2
  Eat: Chunk             |     7 |    22 ||    29
Armor: Robe              |    29 |    23 ||    52
Dodge: Dodged            |    87 |   153 ||   240
